 Dungeon Crawl Stone Soup version 0.31-a0-175-g9f7f995f2b (webtiles) character file.

Game seed: 10816355219331879133

18292 qw the Blocker (level 12, -2/76 HPs)
             Began as a Gargoyle Fighter on June 16, 2023.
             Was a Priest of Okawaru.
             Slain by a demonic crawler (8 damage)
             ... on level 2 of the Lair of Beasts.
             The game lasted 00:06:46 (13864 turns).

qw the Blocker (Gargoyle Fighter)                  Turns: 13864, Time: 00:06:46

Health: -2/76      AC: 19    Str: 23    XL:     12   Next: 57%
Magic:  15/15      EV:  9    Int: 11    God:    Okawaru [***...]
Gold:   686        SH: 17    Dex:  9    Spells: 11/11 levels left

rFire   + . .        Y - +1 war axe
rCold   . . .        i - +0 tower shield
rNeg    + . .        h - +1 ring mail of the Old and Reckless {rF+ Slay+3 SInv Stlth+}
rPois   inf          n - +1 hat
rElec   +            f - +0 cloak
rCorr   .            (no gloves)
SInv    +            m - +0 pair of boots
Will    .....        (no amulet)
Stlth   +            (no ring)
HPRegen 0.32/turn    (no ring)
MPRegen 0.14/turn

%: no passive effects
@: about to teleport
A: sickness immunity, AC +8, negative energy resistance 1, electricity
resistance, torment resistance 1, petrification resistance
a: Renounce Religion, Heroism


You were on level 2 of the Lair of Beasts.
You worshipped Okawaru.
Okawaru was most pleased with you.
You visited 3 branches of the dungeon, and saw 14 of its levels.

You collected 869 gold pieces.
You spent 183 gold pieces at shops.


Innate Abilities, Weirdness & Mutations

You are immune to sickness and miasma.
Your stone body is resilient. (AC +8)
You are immune to poison.
You resist negative energy. (rN+)
You are resistant to electric shocks. (rElec)
You are resistant to unholy torment.
You are immune to petrification.


   Skills:
 - Level 9.0 Fighting
 + Level 11.0 Axes
 - Level 3.7 Throwing
 - Level 6.0 Armour
 - Level 2.2 Dodging
 - Level 14.0 Shields
 - Level 4.0 Invocations


You had 11 spell levels left.
You didn't know any spells.
Your spell library was empty.

Inventory:

Hand Weapons
 s - a +4 morningstar
 Y - a +1 war axe (weapon)
Missiles
 l - 7 boomerangs
Armour
 f - a +0 cloak (worn)
 h - the +1 ring mail of the Old and Reckless (worn) {rF+ Slay+3 SInv Stlth+}
   (You found it on level 10 of the Dungeon)

   Slay:      It affects your accuracy & damage with ranged weapons and melee
   (+3).
   rF:        It protects you from fire.
   SInv:      It lets you see invisible.
   Stlth:     It makes you more stealthy.
 i - a +0 tower shield (worn)
 k - a +0 plate armour
 m - a +0 pair of boots (worn)
 n - a +1 hat (worn)
Jewellery
 r - a ring of flight
Scrolls
 c - 3 scrolls of teleportation
 g - 6 scrolls of identify
 t - a scroll of summoning {unknown}
Potions
 a - 3 potions of attraction
 b - 3 potions of lignification
 d - 4 potions of might
 e - 6 potions of heal wounds
 j - 2 potions of curing
 o - a potion of mutation
 p - 2 potions of haste

Dungeon Overview and Level Annotations

Branches:
Dungeon (11/15)            Temple (1/1) D:5            Lair (2/5) D:11
 Shoals (0/4) Lair:2       Spider (0/4) Lair:2          Orc (0/2) D:9

Altars:
Ashenzari
Cheibriados
Dithmenos
Elyvilon
Fedhas
Gozag
Hepliaklqana
Kikubaaqudgha
Makhleb
Nemelex Xobeh
Okawaru
Qazlal
Ru
Sif Muna
Trog
Uskayaw
Vehumet
Wu Jian
Xom
Yredelemnul
Zin
The Shining One

Shops:
D:3 ((::[   D:9 :!

Portals:
Abyss: D:6

Annotations:
D:3 2 transporters
D:6 2 transporters, qw's ghost, novice NaHu
D:11 3 runed translucent doors


Message History

You block the demonic crawler's attack.
You slice the worm!!
You kill the worm!
Okawaru accepts your kill.
You hit the demonic crawler. The demonic crawler barely misses you.
The demonic crawler hits you. You block the demonic crawler's attack.
You hit the demonic crawler but do no damage.
The demonic crawler hits you but does no damage.
You block the demonic crawler's attack. The demonic crawler hits you.
You slash the demonic crawler!
The demonic crawler is lightly wounded.
You block the demonic crawler's attack. x2
The demonic crawler completely misses you.
You slash the demonic crawler!
The demonic crawler is moderately wounded.
The demonic crawler hits you but does no damage.
You block the demonic crawler's attack. x2
You closely miss the demonic crawler.
The demonic crawler is lightly wounded.
You block the demonic crawler's attack.
The demonic crawler hits you but does no damage.
The demonic crawler hits you.
You barely miss the demonic crawler.
The demonic crawler hits you but does no damage.
You block the demonic crawler's attack. x2
You barely miss the demonic crawler. You block the demonic crawler's attack.
The demonic crawler hits you but does no damage.
You block the demonic crawler's attack.
You slash the demonic crawler!
The demonic crawler is moderately wounded.
You feel like a meek peon again. The demonic crawler hits you!
You block the demonic crawler's attack. The demonic crawler hits you!
13864 ||| READING 4 scrolls of teleportation.
As you read the scroll of teleportation, it crumbles to dust.
You feel strangely unstable. The demonic crawler hits you!
You die...

### #..### ##..)..
....... #.... #...##
##########
#(##.s@#######..##P#.P#
#...%.................
>.......#...###.#.#.....
.........#....#########..
#(..##...#...#### ###..
#..###........#.# ##.#..
..#...###......####.....
............##.8.##....
P..........#.....#.P..


You could see a demonic crawler.

Vanquished Creatures
  2 catoblepae
  A two-headed ogre (D:10)
  A boulder beetle (Lair:2)
  Pikel (D:7)
  An ugly thing (D:11)
  A cyclops (D:11)
  An unseen horror (D:11)
  2 torpor snails
  4 cane toads
  2 komodo dragons
  A queen bee (Lair:1)
  A troll (D:11)
  A blink frog (Lair:1)
  A vampire (D:10)
  31 yaks
  A wyvern (D:9)
  3 wraiths
  A steam dragon (Lair:2)
  2 water moccasins (Lair:1)
  2 orc warriors
  2 ice beasts
  A sky beast (D:8)
  2 black bears
  6 wolves
  3 centaurs
  4 lemures (D:7)
  A phantom (D:5)
  2 kobold brigands (D:3)
  10 bullfrogs
  A gnoll sergeant (D:7)
  6 scorpions
  17 wights
  34 killer bees
  A hound (D:3)
  2 jellies
  3 orc priests
  4 gnoll boudas
  3 sleepcaps
  3 iguanas
  9 orc wizards
  28 gnolls
  8 adders
  A shadow imp (D:6)
  8 worms
  4 dart slugs
  31 orcs
  5 ball pythons
  3 bats
  9 endoplasms
  A giant cockroach (D:1)
  2 goblins
  11 hobgoblins
  6 jackals (D:1)
  4 quokkas
  5 frilled lizards
  11 kobolds
  2 rats
313 creatures vanquished.

Vanquished Creatures (others)
  An orc wizard (D:9)
1 creature vanquished.

Grand Total: 314 creatures vanquished

Notes
Turn   | Place    | Note
-------+----------+-------------------------------------------
     0 | D:1      | qw the Gargoyle Fighter began the quest for the Orb.
     0 | D:1      | Reached XP level 1. HP: 14/14 MP: 1/1
     0 | D:1      | 0 ||| qw: Version: 0.2-a-29-g511e9b1
     0 | D:1      | 0 ||| qw: Game counter: 25
     0 | D:1      | 0 ||| qw: Always use a shield: true
     0 | D:1      | 0 ||| qw: God list: Okawaru
     0 | D:1      | 0 ||| qw: Allow faded altars: false
     0 | D:1      | 0 ||| qw: Do Orc after D:15 true
     0 | D:1      | 0 ||| qw: Do second Lair branch before Depths: true
     0 | D:1      | 0 ||| qw: Lair rune preference: random
     0 | D:1      | 0 ||| qw: Plans: Normal, Zot:1-4, Slime:5, God:TSO, Crypt,
                  | Tomb, Abyss, Pan, Hells, Win
     0 | D:1      | 0 ||| PLANNING D:1-11
   121 | D:1      | Reached XP level 2. HP: 19/19 MP: 2/2
   202 | D:1      | 202 ||| Stepping ~*~*~tactically~*~*~ (hiding).
   422 | D:1      | Reached skill level 3 in Axes
   435 | D:1      | Reached XP level 3. HP: 23/23 MP: 3/3
   484 | D:1      | 484 ||| Stepping ~*~*~tactically~*~*~ (hiding).
   835 | D:1      | 835 ||| UPGRADING to +0 plate armour.
   845 | D:1      | 845 ||| DROPPING +0 scale mail.
   846 | D:1      | 846 ||| DROPPING ring of wizardry.
   847 | D:1      | 847 ||| READING scroll labelled QAIT VOASYPP.
   848 | D:1      | 848 ||| READING scroll labelled ALALIH VOPHU.
   849 | D:1      | 849 ||| READING scroll labelled UCOWUG ETEBOSU.
   850 | D:1      | 850 ||| READING scroll labelled QOEFEIKKAE.
  1086 | D:2      | 1086 ||| Stepping ~*~*~tactically~*~*~ (hiding).
  1094 | D:2      | 1094 ||| Stepping ~*~*~tactically~*~*~ (stealth).
  1099 | D:2      | 1099 ||| STAIRDANCE
  1104 | D:1      | Reached XP level 4. HP: 24/28 MP: 4/4
  1120 | D:1      | 1120 ||| READING scroll labelled DIUGIH MUKAUNY.
  1121 | D:1      | 1121 ||| DRINKING 2 blue potions.
  1174 | D:2      | 1174 ||| Stepping ~*~*~tactically~*~*~ (stealth).
  1175 | D:2      | 1175 ||| Stepping ~*~*~tactically~*~*~ (stealth).
  1205 | D:2      | 1205 ||| Stepping ~*~*~tactically~*~*~ (stealth).
  1289 | D:2      | 1289 ||| Stepping ~*~*~tactically~*~*~ (stealth).
  1300 | D:2      | Found a faded altar of an unknown god.
  1321 | D:2      | 1321 ||| DROPPING +1 whip of pain.
  1322 | D:2      | 1322 ||| DROPPING +0 club.
  1706 | D:2      | 1706 ||| UPGRADING to +0 tower shield.
  1716 | D:2      | 1716 ||| DROPPING +0 buckler.
  1807 | D:3      | Found Kiuhaev's Antique Armour Emporium.
  2113 | D:3      | Reached skill level 4 in Shields
  2113 | D:3      | Reached XP level 5. HP: 32/32 MP: 5/5
  2127 | D:3      | 2127 ||| DROPPING +0 whip of electrocution.
  2210 | D:3      | Found a transporter.
  2210 | D:3      | Found Haitit's Book Boutique.
  2276 | D:3      | Found Suodotee's Antique Weapon Shop.
  2290 | D:3      | 2290 ||| BUYING mace (63 gold).
  2290 | D:3      | Bought a mace for 63 gold pieces
  2290 | D:3      | 2290 ||| DROPPING -3 mace.
  2306 | D:3      | Found Xomyjask's Antique Weapon Shop.
  2352 | D:3      | Found Jiullein's Book Emporium.
  2375 | D:3      | Found a transporter.
  2590 | D:3      | 2590 ||| Stepping ~*~*~tactically~*~*~ (hiding).
  2622 | D:3      | Noticed a kobold brigand
  2623 | D:3      | 2623 ||| Stepping ~*~*~tactically~*~*~ (hiding).
  2640 | D:3      | Killed a kobold brigand
  2640 | D:3      | Noticed a kobold brigand
  2641 | D:3      | Reached skill level 5 in Shields
  2641 | D:3      | 2641 ||| FLEEEEING.
  2647 | D:3      | 2647 ||| FLEEEEING.
  2648 | D:3      | 2648 ||| FLEEEEING.
  2649 | D:3      | 2649 ||| FLEEEEING.
  2650 | D:3      | 2650 ||| FLEEEEING.
  2651 | D:3      | 2651 ||| FLEEEEING.
  2652 | D:3      | 2652 ||| FLEEEEING.
  2653 | D:3      | 2653 ||| FLEEEEING.
  2654 | D:3      | 2654 ||| FLEEEEING.
  2656 | D:3      | 2656 ||| Stepping ~*~*~tactically~*~*~ (hiding).
  2658 | D:3      | 2658 ||| Stepping ~*~*~tactically~*~*~ (hiding).
  2664 | D:3      | Killed a kobold brigand
  2665 | D:3      | Reached XP level 6. HP: 20/37 MP: 6/6
  2774 | D:3      | Reached skill level 6 in Shields
  2780 | D:3      | 2780 ||| UPGRADING to +0 pair of boots.
  2785 | D:3      | 2785 ||| READING scroll labelled ZOISIZ ATARO.
  2786 | D:3      | 2786 ||| READING scroll labelled HODIPP RESHAOCU.
  2787 | D:3      | 2787 ||| DRINKING 4 orange potions.
  2788 | D:3      | 2788 ||| DRINKING 3 murky red potions.
  2789 | D:3      | 2789 ||| READING 2 scrolls of identify.
  2789 | D:3      | 2789 ||| IDENTIFYING fuming inky potion
  2790 | D:3      | 2790 ||| DROPPING potion of brilliance.
  3343 | D:4      | 3343 ||| DROPPING +0 mace.
  3871 | D:4      | 3871 ||| READING 2 scrolls labelled LIMU KISHRIPRA.
  3872 | D:4      | 3872 ||| READING scroll labelled FIYBEL ZIEHOEH.
  3873 | D:4      | 3873 ||| READING 3 scrolls of identify.
  3873 | D:4      | 3873 ||| IDENTIFYING ruby potion
  3874 | D:4      | 3874 ||| READING 2 scrolls of identify.
  3874 | D:4      | 3874 ||| IDENTIFYING brown potion
  3875 | D:4      | 3875 ||| DROPPING scroll of immolation.
  3876 | D:4      | 3876 ||| DROPPING potion of invisibility.
  3877 | D:4      | 3877 ||| DROPPING potion of ambrosia.
  3894 | D:5      | Entered Level 5 of the Dungeon
  3906 | D:5      | 3906 ||| STAIRDANCE
  4020 | D:5      | Found a staircase to the Ecumenical Temple.
  4021 | D:5      | 4021 ||| PLANNING TEMPLE
  4021 | D:5      | 4021 ||| READING 2 scrolls of identify.
  4021 | D:5      | 4021 ||| IDENTIFYING viscous brown potion
  4029 | Temple   | Entered the Ecumenical Temple
  4074 | Temple   | 4074 ||| PLANNING OKAWARU WORSHIP
  4224 | Temple   | Became a worshipper of Warmaster Okawaru
  4225 | Temple   | 4225 ||| PLANNING D:1-11
  4357 | D:5      | Reached skill level 7 in Shields
  4357 | D:5      | Reached XP level 7. HP: 41/41 MP: 7/7
  4520 | D:5      | Reached skill level 8 in Shields
  4578 | D:5      | 4578 ||| Stepping ~*~*~tactically~*~*~ (hiding).
  4603 | D:5      | You fall into a shaft and drop 3 floors!
  4624 | D:8      | Found an opulent altar of Gozag.
  4680 | D:8      | Noticed a komodo dragon
  4682 | D:8      | Reached * piety under Okawaru
  4683 | D:8      | 4683 ||| INVOKING Heroism.
  4693 | D:8      | 4693 ||| INVOKING Heroism.
  4696 | D:8      | HP: 10/41 [komodo dragon (22)]
  4697 | D:8      | 4697 ||| READING scroll of teleportation.
  4698 | D:8      | 4698 ||| DRINKING 4 potions of heal wounds.
  4759 | D:7      | Reached skill level 1 in Invocations
  4759 | D:7      | Reached XP level 8. HP: 37/46 MP: 8/8
  4781 | D:7      | 4781 ||| Stepping ~*~*~tactically~*~*~ (hiding).
  4782 | D:7      | 4782 ||| Stepping ~*~*~tactically~*~*~ (hiding).
  4789 | D:7      | 4789 ||| Stepping ~*~*~tactically~*~*~ (stealth).
  4872 | D:7      | 4872 ||| Stepping ~*~*~tactically~*~*~ (stealth).
  4875 | D:7      | 4875 ||| Stepping ~*~*~tactically~*~*~ (stealth).
  4876 | D:7      | 4876 ||| Stepping ~*~*~tactically~*~*~ (stealth).
  4880 | D:7      | 4880 ||| Stepping ~*~*~tactically~*~*~ (stealth).
  4884 | D:7      | 4884 ||| Stepping ~*~*~tactically~*~*~ (hiding).
  4891 | D:7      | 4891 ||| INVOKING Heroism.
  4898 | D:7      | Reached skill level 3 in Invocations
  4905 | D:7      | Reached skill level 9 in Shields
  5027 | D:7      | 5027 ||| Stepping ~*~*~tactically~*~*~ (stealth).
  5030 | D:7      | 5030 ||| Stepping ~*~*~tactically~*~*~ (hiding).
  5035 | D:7      | Paralysed by a gnoll for 4 turns
  5088 | D:6      | 5088 ||| INVOKING Heroism.
  5107 | D:6      | 5107 ||| INVOKING Heroism.
  5233 | D:6      | 5233 ||| INVOKING Heroism.
  5441 | D:6      | Noticed a red devil
  5448 | D:6      | Found a transporter.
  5451 | D:6      | Found a transporter.
  5452 | D:6      | Noticed a large abomination
  5545 | D:5      | 5545 ||| Stepping ~*~*~tactically~*~*~ (stealth).
  5557 | D:5      | 5557 ||| Stepping ~*~*~tactically~*~*~ (stealth).
  5572 | D:5      | 5572 ||| DROPPING +2 mace of holy wrath.
  5573 | D:5      | 5573 ||| DROPPING +0 flail.
  5848 | D:5      | 5848 ||| UPGRADING to +0 cloak.
  5956 | D:6      | Reached skill level 6 in Axes
  5999 | D:6      | Reached XP level 9. HP: 52/52 MP: 12/12
  6046 | D:6      | 6046 ||| Stepping ~*~*~tactically~*~*~ (stealth).
  6048 | D:6      | 6048 ||| INVOKING Heroism.
  6059 | D:6      | 6059 ||| INVOKING Heroism.
  6102 | D:6      | 6102 ||| INVOKING Heroism.
  6283 | D:6      | Found a one-way gate to the infinite horrors of the Abyss.
  6284 | D:6      | Noticed qw's ghost (novice NaHu)
  6556 | D:7      | Noticed Pikel
  6557 | D:7      | 6557 ||| Stepping ~*~*~tactically~*~*~ (stealth).
  6564 | D:7      | 6564 ||| INVOKING Heroism.
  6596 | D:7      | Killed Pikel
  6597 | D:7      | Reached skill level 10 in Shields
  6769 | D:7      | 6769 ||| INVOKING Heroism.
  6993 | D:7      | Found a sparkling altar of Nemelex Xobeh.
  7165 | D:7      | 7165 ||| UPGRADING to +1 hat.
  7188 | D:8      | Found a basalt altar of Yredelemnul.
  7189 | D:8      | Found a glowing golden altar of the Shining One.
  7189 | D:8      | Found a stormy altar of Qazlal.
  7190 | D:8      | Found a shimmering blue altar of Sif Muna.
  7210 | D:8      | Found an ornate altar of the Wu Jian Council.
  7322 | D:8      | 7322 ||| INVOKING Heroism.
  7493 | D:8      | 7493 ||| INVOKING Heroism.
  8131 | D:9      | 8131 ||| Stepping ~*~*~tactically~*~*~ (stealth).
  8133 | D:9      | 8133 ||| Stepping ~*~*~tactically~*~*~ (stealth).
  8164 | D:9      | Reached skill level 1 in Dodging
  8258 | D:9      | 8258 ||| INVOKING Heroism.
  8263 | D:9      | Reached skill level 1 in Throwing
  8417 | D:9      | Found a staircase to the Orcish Mines.
  8419 | D:9      | 8419 ||| Stepping ~*~*~tactically~*~*~ (hiding).
  8424 | D:9      | 8424 ||| DRINKING 6 potions of curing.
  8424 | D:9      | 8424 ||| (to cure confusion)
  8425 | D:9      | 8425 ||| INVOKING Heroism.
  8435 | D:9      | Reached XP level 10. HP: 59/59 MP: 11/13
  8436 | D:9      | 8436 ||| DRINKING 5 potions of curing.
  8436 | D:9      | 8436 ||| (to cure confusion)
  8437 | D:9      | 8437 ||| DRINKING 4 potions of curing.
  8437 | D:9      | 8437 ||| (to cure confusion)
  8468 | D:9      | 8468 ||| INVOKING Heroism.
  8652 | D:9      | Found Ytynwowk's Tremendous Tomes.
  8720 | D:9      | Found Loleday's Distillery.
  8729 | D:9      | 8729 ||| BUYING potion of haste (120 gold).
  8729 | D:9      | Bought a potion of haste for 120 gold pieces
  8761 | D:9      | 8761 ||| Stepping ~*~*~tactically~*~*~ (hiding).
  8806 | D:9      | 8806 ||| Stepping ~*~*~tactically~*~*~ (hiding).
  8981 | D:9      | 8981 ||| Stepping ~*~*~tactically~*~*~ (hiding).
  9100 | D:9      | Found a bloodstained altar of Trog.
  9117 | D:9      | 9117 ||| DROPPING +0 morningstar.
  9215 | D:9      | 9215 ||| Stepping ~*~*~tactically~*~*~ (hiding).
  9231 | D:9      | Reached skill level 11 in Shields
  9236 | D:9      | 9236 ||| READING 3 scrolls labelled CEUKHA WOMAU.
  9237 | D:9      | 9237 ||| READING 4 scrolls of identify.
  9237 | D:9      | 9237 ||| IDENTIFYING white potion
  9238 | D:9      | 9238 ||| DROPPING potion of enlightenment.
  9239 | D:9      | 9239 ||| DROPPING 2 scrolls of noise.
  9261 | D:10     | Entered Level 10 of the Dungeon
  9267 | D:10     | 9267 ||| STAIRDANCE
  9319 | D:10     | 9319 ||| STAIRDANCE
  9321 | D:9      | 9321 ||| INVOKING Heroism.
  9428 | D:10     | 9428 ||| STAIRDANCE
  9433 | D:9      | 9433 ||| INVOKING Heroism.
  9519 | D:10     | 9519 ||| STAIRDANCE
  9572 | D:10     | Reached skill level 6 in Fighting
  9678 | D:10     | 9678 ||| Stepping ~*~*~tactically~*~*~ (stealth).
  9680 | D:10     | 9680 ||| Stepping ~*~*~tactically~*~*~ (stealth).
  9691 | D:10     | 9691 ||| INVOKING Heroism.
  9704 | D:10     | Reached ** piety under Okawaru
  9896 | D:10     | Noticed a two-headed ogre
  9897 | D:10     | 9897 ||| INVOKING Heroism.
  9908 | D:10     | Killed a two-headed ogre
  9909 | D:10     | Reached skill level 9 in Axes
 10109 | D:10     | 10109 ||| DRINKING 3 potions of curing.
 10109 | D:10     | 10109 ||| (to cure confusion)
 10110 | D:10     | 10110 ||| INVOKING Heroism.
 10159 | D:10     | 10159 ||| FLEEEEING.
 10247 | D:10     | 10247 ||| Stepping ~*~*~tactically~*~*~ (stealth).
 10249 | D:10     | 10249 ||| Stepping ~*~*~tactically~*~*~ (stealth).
 10251 | D:10     | 10251 ||| Stepping ~*~*~tactically~*~*~ (stealth).
 10275 | D:10     | Reached XP level 11. HP: 55/64 MP: 14/14
 10298 | D:10     | 10298 ||| INVOKING Heroism.
 10301 | D:10     | Reached skill level 12 in Shields
 10321 | D:10     | 10321 ||| INVOKING Heroism.
 10326 | D:10     | Reached skill level 6 in Armour
 10488 | D:10     | 10488 ||| Stepping ~*~*~tactically~*~*~ (stealth).
 10489 | D:10     | Identified the +1 ring mail of the Old and Reckless {rF+
                  | Slay+3 SInv Stlth+}
 10501 | D:10     | 10501 ||| Stepping ~*~*~tactically~*~*~ (stealth).
 10504 | D:10     | 10504 ||| Stepping ~*~*~tactically~*~*~ (stealth).
 10506 | D:10     | 10506 ||| Stepping ~*~*~tactically~*~*~ (stealth).
 10507 | D:10     | 10507 ||| INVOKING Heroism.
 10681 | D:10     | 10681 ||| UPGRADING to +1 ring mail of the Old and Reckless
                  | {rF+ Slay+3 SInv Stlth+}.
 10760 | D:11     | 10760 ||| Stepping ~*~*~tactically~*~*~ (stealth).
 10763 | D:11     | 10763 ||| Stepping ~*~*~tactically~*~*~ (stealth).
 10764 | D:11     | 10764 ||| INVOKING Heroism.
 10766 | D:11     | 10766 ||| Stepping ~*~*~tactically~*~*~ (stealth).
 10767 | D:11     | 10767 ||| Stepping ~*~*~tactically~*~*~ (stealth).
 10837 | D:11     | 10837 ||| INVOKING Heroism.
 10874 | D:11     | Noticed a brown ugly thing
 10883 | D:11     | 10883 ||| INVOKING Heroism.
 10885 | D:11     | Killed a brown ugly thing
 11005 | D:11     | Noticed a cyclops
 11006 | D:11     | 11006 ||| INVOKING Heroism.
 11014 | D:11     | Killed a cyclops
 11084 | D:11     | Found a runed translucent gate.
 11084 | D:11     | Found a runed translucent gate.
 11084 | D:11     | Found a runed translucent gate.
 11084 | D:11     | Noticed a red ugly thing
 11084 | D:11     | Noticed a cyan ugly thing
 11084 | D:11     | Noticed a red ugly thing
 11084 | D:11     | Noticed a cyan ugly thing
 11084 | D:11     | Noticed a moth of wrath
 11125 | D:11     | 11125 ||| INVOKING Heroism.
 11351 | D:11     | 11351 ||| Stepping ~*~*~tactically~*~*~ (hiding).
 11357 | D:11     | 11357 ||| DRINKING 2 potions of curing.
 11357 | D:11     | 11357 ||| (to cure confusion)
 11510 | D:11     | Found a staircase to the Lair.
 11511 | D:11     | 11511 ||| INVOKING Heroism.
 11546 | D:11     | Noticed a green ugly thing
 11546 | D:11     | Noticed a glowing orange brain
 11554 | D:11     | 11554 ||| PLANNING LAIR
 11589 | Lair:1   | Entered Level 1 of the Lair of Beasts
 11592 | Lair:1   | 11592 ||| Stepping ~*~*~tactically~*~*~ (stealth).
 11594 | Lair:1   | 11594 ||| Stepping ~*~*~tactically~*~*~ (stealth).
 11596 | Lair:1   | 11596 ||| Stepping ~*~*~tactically~*~*~ (stealth).
 11597 | Lair:1   | 11597 ||| Stepping ~*~*~tactically~*~*~ (stealth).
 11603 | Lair:1   | 11603 ||| STAIRDANCE
 11698 | Lair:1   | 11698 ||| Stepping ~*~*~tactically~*~*~ (stealth).
 11699 | Lair:1   | 11699 ||| Stepping ~*~*~tactically~*~*~ (stealth).
 11702 | Lair:1   | 11702 ||| INVOKING Heroism.
 11726 | Lair:1   | 11726 ||| INVOKING Heroism.
 11736 | Lair:1   | Reached skill level 13 in Shields
 11759 | Lair:1   | 11759 ||| INVOKING Heroism.
 11920 | Lair:1   | 11920 ||| Stepping ~*~*~tactically~*~*~ (stealth).
 11922 | Lair:1   | Noticed a catoblepas
 11922 | Lair:1   | 11922 ||| INVOKING Heroism.
 11938 | Lair:1   | 11938 ||| INVOKING Heroism.
 11947 | Lair:1   | Killed a catoblepas
 11948 | Lair:1   | Reached skill level 3 in Throwing
 12112 | Lair:1   | 12112 ||| Stepping ~*~*~tactically~*~*~ (stealth).
 12114 | Lair:1   | Reached *** piety under Okawaru
 12123 | Lair:1   | 12123 ||| INVOKING Heroism.
 12130 | Lair:1   | Reached XP level 12. HP: 42/73 MP: 12/15
 12144 | Lair:1   | 12144 ||| INVOKING Heroism.
 12147 | Lair:1   | 12147 ||| Stepping ~*~*~tactically~*~*~ (stealth).
 12148 | Lair:1   | 12148 ||| Stepping ~*~*~tactically~*~*~ (stealth).
 12182 | Lair:1   | 12182 ||| Stepping ~*~*~tactically~*~*~ (stealth).
 12183 | Lair:1   | 12183 ||| FLEEEEING.
 12184 | Lair:1   | 12184 ||| Stepping ~*~*~tactically~*~*~ (stealth).
 12185 | Lair:1   | 12185 ||| Stepping ~*~*~tactically~*~*~ (stealth).
 12186 | Lair:1   | 12186 ||| FLEEEEING.
 12187 | Lair:1   | 12187 ||| FLEEEEING.
 12188 | Lair:1   | 12188 ||| FLEEEEING.
 12189 | Lair:1   | 12189 ||| FLEEEEING.
 12190 | Lair:1   | 12190 ||| FLEEEEING.
 12191 | Lair:1   | 12191 ||| FLEEEEING.
 12192 | Lair:1   | 12192 ||| FLEEEEING.
 12193 | Lair:1   | 12193 ||| FLEEEEING.
 12194 | Lair:1   | 12194 ||| FLEEEEING.
 12269 | Lair:1   | 12269 ||| Stepping ~*~*~tactically~*~*~ (stealth).
 12281 | Lair:1   | 12281 ||| Stepping ~*~*~tactically~*~*~ (stealth).
 12290 | Lair:1   | 12290 ||| INVOKING Heroism.
 12307 | Lair:1   | 12307 ||| Stepping ~*~*~tactically~*~*~ (stealth).
 12446 | Lair:1   | 12446 ||| Stepping ~*~*~tactically~*~*~ (stealth).
 12455 | Lair:1   | 12455 ||| Stepping ~*~*~tactically~*~*~ (stealth).
 12470 | Lair:1   | 12470 ||| Stepping ~*~*~tactically~*~*~ (stealth).
 12472 | Lair:1   | 12472 ||| Stepping ~*~*~tactically~*~*~ (stealth).
 12475 | Lair:1   | 12475 ||| Stepping ~*~*~tactically~*~*~ (stealth).
 12477 | Lair:1   | 12477 ||| Stepping ~*~*~tactically~*~*~ (stealth).
 12510 | Lair:1   | 12510 ||| Stepping ~*~*~tactically~*~*~ (stealth).
 12512 | Lair:1   | 12512 ||| Stepping ~*~*~tactically~*~*~ (stealth).
 12517 | Lair:1   | 12517 ||| Stepping ~*~*~tactically~*~*~ (stealth).
 12519 | Lair:1   | 12519 ||| Stepping ~*~*~tactically~*~*~ (stealth).
 12524 | Lair:1   | 12524 ||| Stepping ~*~*~tactically~*~*~ (stealth).
 12526 | Lair:1   | 12526 ||| Stepping ~*~*~tactically~*~*~ (stealth).
 12528 | Lair:1   | 12528 ||| Stepping ~*~*~tactically~*~*~ (stealth).
 12702 | Lair:1   | 12702 ||| Stepping ~*~*~tactically~*~*~ (stealth).
 13002 | Lair:2   | 13002 ||| STAIRDANCE
 13091 | Lair:2   | Noticed a boulder beetle
 13092 | Lair:2   | 13092 ||| Stepping ~*~*~tactically~*~*~ (stealth).
 13094 | Lair:2   | 13094 ||| INVOKING Heroism.
 13107 | Lair:2   | Killed a boulder beetle
 13247 | Lair:2   | Found a staircase to the Shoals.
 13261 | Lair:2   | 13261 ||| Stepping ~*~*~tactically~*~*~ (stealth).
 13262 | Lair:2   | 13262 ||| INVOKING Heroism.
 13276 | Lair:2   | 13276 ||| INVOKING Heroism.
 13306 | Lair:2   | 13306 ||| Stepping ~*~*~tactically~*~*~ (stealth).
 13307 | Lair:2   | 13307 ||| Stepping ~*~*~tactically~*~*~ (stealth).
 13315 | Lair:2   | 13315 ||| INVOKING Heroism.
 13460 | Lair:2   | 13460 ||| Stepping ~*~*~tactically~*~*~ (hiding).
 13462 | Lair:2   | 13462 ||| Stepping ~*~*~tactically~*~*~ (hiding).
 13463 | Lair:2   | 13463 ||| INVOKING Heroism.
 13469 | Lair:2   | Reached skill level 9 in Fighting
 13554 | Lair:2   | 13554 ||| Stepping ~*~*~tactically~*~*~ (stealth).
 13570 | Lair:2   | 13570 ||| Stepping ~*~*~tactically~*~*~ (stealth).
 13573 | Lair:2   | 13573 ||| INVOKING Heroism.
 13635 | Lair:2   | Noticed a catoblepas
 13636 | Lair:2   | 13636 ||| INVOKING Heroism.
 13653 | Lair:2   | 13653 ||| INVOKING Heroism.
 13655 | Lair:2   | Killed a catoblepas
 13656 | Lair:2   | Reached skill level 14 in Shields
 13832 | Lair:2   | 13832 ||| Stepping ~*~*~tactically~*~*~ (stealth).
 13833 | Lair:2   | Noticed a demonic crawler
 13835 | Lair:2   | 13835 ||| Stepping ~*~*~tactically~*~*~ (stealth).
 13835 | Lair:2   | Found a hole to the Spider Nest.
 13838 | Lair:2   | 13838 ||| INVOKING Heroism.
 13863 | Lair:2   | HP: 15/76 [demonic crawler (14)]
 13863 | Lair:2   | HP: 5/76 [demonic crawler (10)]
 13864 | Lair:2   | 13864 ||| READING 4 scrolls of teleportation.
 13864 | Lair:2   | Slain by a demonic crawler

Levels and vault maps discovered:
D:1:      dpeg_arrival_rooms_with_view, layout_loops_ring
D:2:      layout_basic, ebering_ecumenical_altar_rust
D:3:      cheibrodos_thug_alley, layout_basic, serial_shops,
          nicolae_shop_drivethru, nicolae_diamond_shop,
          nicolae_shop_behind_doors, shop, shop
D:4:      layout_basic, serial_rivers, chequers_serial_rivers_room_b,
          chequers_serial_rivers_small_b, chequers_serial_rivers_room_a,
          chequers_serial_rivers_small_b
D:5:      layout_basic, minmay_temple_entry_wispy
D:6:      layout_loops_ring, gammafunk_ghost_abyssal_escape
D:7:      layout_basic, nemelex_altar_shiori, nicolae_letterblocks
          [nicolae_letter_subblock, nicolae_letter_subblock,
          nicolae_letter_subblock, nicolae_letter_subblock,
          nicolae_letter_subblock, nicolae_letter_subblock,
          nicolae_letter_subblock, nicolae_letter_subblock,
          nicolae_letter_subblock, nicolae_letter_subblock,
          nicolae_letter_subblock, nicolae_letter_subblock,
          nicolae_letter_subblock, nicolae_letter_subblock,
          nicolae_letter_subblock, nicolae_letter_subblock,
          nicolae_letter_subblock, nicolae_letter_subblock,
          nicolae_letter_subblock, nicolae_letter_subblock,
          nicolae_letter_subblock, nicolae_letter_subblock,
          nicolae_letter_subblock, nicolae_letter_subblock,
          nicolae_letter_subblock], uniq_pikel
D:8:      layout_basic, pdpol_wu_jian_five_deadly_venoms, kennysheep_little_box,
          chequers_temple_overflow_statue_of_worship
D:9:      layout_basic, mainiacjoe_overflow_surrounded_room,
          minmay_orc_entry_temple_small, serial_shops, shop,
          nicolae_shop_i_like_big_books
D:10:     layout_basic
D:11:     layout_rooms, grunt_lair_entry_orc_guard_hut,
          ploomutoo_gammafunk_ghost_potion_laboratory, minmay_crystal_room
Temple:   eino_narrow_crystal_temple
Lair:1:   layout_roguey [special_room_bee], beast_lair_carwin_10
Lair:2:   layout_chaotic_city, shoals_dummy_entry,
          nicolae_spider_entry_non_spiders, nzn_sisyphean_effort,
          grunt_megastairs_3

Skill      XL: |  1  2  3  4  5  6  7  8  9 10 11 12 |
---------------+-------------------------------------+-----
Axes           | 2 3 4 5 6 7 9 10 11 | 11.0
Shields        | 4 5 7 8 9 10 11 13 14 | 14.0
Invocations    | 1 4 |  4.0
Fighting       | 4 5 6 8 9 |  9.0
Armour         | 4 5 6 |  6.0
Dodging        | 1 2 |  2.2
Throwing       | 2 3 |  3.7

Action                     |  1- 3 |  4- 6 |  7- 9 | 10-12 || total
---------------------------+-------+-------+-------+-------++-------
  Melee: War axe           |    91 |   157 |   374 |   654 ||  1276
  Throw: Boomerang         |       |    43 |    28 |     8 ||    79
         Javelin           |       |       |     2 |    55 ||    57
 Invoke: Heroism           |       |       |    15 |    32 ||    47
    Use: Scroll            |     4 |     9 |     1 |     3 ||    17
         Potion            |       |     3 |     2 |     4 ||     9
   Stab: Distracted        |       |       |     1 |       ||     1
         Petrified         |       |       |       |     2 ||     2
         Petrifying        |       |       |       |     1 ||     1
 Armour: Scale mail        |    35 |       |       |       ||    35
         Plate armour      |    10 |    93 |   200 |   144 ||   447
         Ring mail         |       |       |       |   143 ||   143
  Dodge: Dodged            |    33 |    19 |    59 |   166 ||   277
  Block: Buckler           |     7 |     1 |       |       ||     8
         Tower shield      |       |    85 |   343 |   609 ||  1037

Table legend:
 A = Non-vault XP
 B = Vault XP
 C = Vault XP percentage of total XP
 D = Non-vault monster count
 E = Vault monster count
 F = Vault count percentage of total count
                 A         B        C        D         E       F
            +---------+---------+-------+---------+---------+-------
      Total |   18874 |    7258 |  27.8 |     234 |      76 |  24.5
            +---------+---------+-------+---------+---------+-------
        D:1 |      51 |       4 |   7.3 |      27 |       2 |   6.9
        D:2 |      49 |       0 |   0.0 |      16 |       0 |   0.0
        D:3 |      79 |     204 |  72.1 |      11 |      10 |  47.6
        D:4 |     185 |       0 |   0.0 |      13 |       0 |   0.0
        D:5 |     467 |       0 |   0.0 |      13 |       0 |   0.0
        D:6 |     807 |       0 |   0.0 |      32 |       0 |   0.0
        D:7 |     886 |     617 |  41.1 |      21 |       1 |   4.5
        D:8 |     638 |       0 |   0.0 |      13 |       0 |   0.0
        D:9 |    2114 |     260 |  11.0 |      22 |      11 |  33.3
       D:10 |    4336 |       0 |   0.0 |      21 |       0 |   0.0
       D:11 |    2482 |     888 |  26.4 |      20 |       6 |  23.1
     Lair:1 |    4733 |    2975 |  38.6 |      18 |      34 |  65.4
     Lair:2 |    2047 |    2310 |  53.0 |       7 |      12 |  63.2
            +---------+---------+-------+---------+---------+-------
